 Dungeon Crawl Stone Soup version 0.31.0-11-ge490571c62 (webtiles) character file.

Game seed: 16925665761626177105

382 monsoonserge the Shooter (level 6, 0/29 (30) HPs)
             Began as a Spriggan Hexslinger on Feb 2, 2024.
             Killed from afar by Blork the orc (4 damage)
             ... with a puff of frost
             ... on level 4 of the Dungeon.
             The game lasted 00:08:54 (2665 turns).

monsoonserge the Shooter (Spriggan Hexslinger)      Turns: 2665, Time: 00:08:55

HP:   0/29 (30)     AC:  0    Str:  4    XL:     6   Next: 47%
MP:   22/22         EV: 15    Int: 16    God:
Gold: 198           SH:  0    Dex: 18    Spells: 4/9 levels left

rFire   . . .        a - melded +1 sling
rCold   . . .        (shield currently unavailable)
rNeg    . . .        c - melded +0 robe
rPois   .            (helmet currently unavailable)
rElec   .            (cloak currently unavailable)
rCorr   .            (gloves unavailable)
SInv    +            (boots unavailable)
Will    +....        x
                       - Hermit's Pendant {Faith Invo=14 Evo=0 MP+5}
Stlth   ++           n - melded ring of willpower
HPRegen 0.24/turn    v - melded ring of protection from fire
MPRegen 0.18/turn

%: faith
@: pig-form (expiring), lightly drained, very quick
A: fast, no casting, small, no large weapons, unfitting armour, see invisible,
(speed 3)
a: no special abilities


You were on level 4 of the Dungeon.
You were a filthy swine.
You visited 1 branch of the dungeon, and saw 4 of its levels.

You collected 198 gold pieces.

Inventory:

Hand Weapons
 a - a +1 sling (melded)
Missiles
 r - 6 poisoned darts
Armour
 c - a +0 robe (melded)
Jewellery
 n - a ring of willpower (melded)
 p - a ring of willpower
 v - a ring of protection from fire (melded)
 x - the Hermit's Pendant (around neck) {Faith Invo=14 Evo=0 MP+5}
   (You found it on level 4 of the Dungeon)

   [amulet of faith]

   Invo=14: It sets your Invocations skill to 14.
   Evo=0: It sets your Evocations skill to 0.
   Faith:     It allows you to gain divine favour quickly.
   MP+5:      It affects your magic capacity (+5).
Scrolls
 b - 3 scrolls of poison
 d - 2 scrolls of torment {unknown}
 e - a scroll of enchant weapon {unknown}
 g - a scroll of silence {unknown}
 i - a scroll of enchant armour {unknown}
 j - 2 scrolls of brand weapon {unknown}
 o - 3 scrolls of identify {unknown}
 q - a scroll of amnesia {unknown}
 u - a scroll of teleportation {unknown}
Potions
 f - a potion of resistance {unknown}
 h - a potion of attraction {unknown}
 k - a potion of cancellation {unknown}
 l - a potion of might {unknown}
 m - 2 potions of lignification {unknown}
 s - 2 potions of curing {unknown}
 t - a potion of enlightenment {unknown}
 w - a potion of magic {unknown}


   Skills:
 + Level 2.1 Fighting
 + Level 5.5 Ranged Weapons
 + Level 3.0 Dodging
 + Level 1.2 Stealth
 + Level 2.3 Spellcasting
 + Level 4.5 Hexes
 - Level 1.0 Fire Magic


You had 4 spell levels left.
You knew the following spells:

 Your Spells              Type           Power      Damage    Failure   Level
a - Jinxbite              Hex            32%        N/A       4%          2
b - Inner Flame           Hex/Fire       10%        N/A       19%         3

Your spell library contained the following spells:

 Spells                   Type           Power      Damage    Failure   Level
 Sigil of Binding         Hex            16%        N/A       10%         3
 Call Imp                 Summ           2%         N/A       30%         2
 Sublimation of Blood     Necr           1%         N/A       30%         2
 Cause Fear               Hex            8%         N/A       30%         4
 Anguish                  Hex/Necr       4%         N/A       61%         4
 Dimensional Bullseye     Hex/Tloc       4%         N/A       61%         4
 Brom's Barrelling Bould  Conj/Erth      1%         2d3       90%         4
 Fireball                 Conj/Fire      1%         3d3       99%         5
 Iskenderun's Battlesphe  Conj           1%         2d6       99%         5
 Conjure Ball Lightning   Conj/Air       0%         3x3d6     100%        6
 Enfeeble                 Hex            8%         N/A       100%        7
 Orb of Destruction       Conj           0%         9d5       100%        7
 Summon Hydra             Summ           0%         N/A       100%        7


Dungeon Overview and Level Annotations

Branches:
Dungeon (4/15)
 Temple: D:4-7

Altars:
Fedhas
Trog
The Shining One

Annotations:
D:4 Blork the orc


Innate Abilities, Weirdness & Mutations

You are a filthy swine.
You move quickly.
Your equipment is almost entirely melded.
You are incapable of wielding weapons or throwing items.
You cannot cast spells.
You are very small and have problems with some larger weapons.
You are too small for most types of armour.
You have supernaturally acute eyesight. (SInv)
((You cover ground extremely quickly. (Speed+++)))


Message History

Your ring of protection from fire unmelds from your body.
Fire: a) +1 sling
Press: ? - help, Q - select action, (/) - cycle Shift-Dir - straight line, f/p - Blork the orc
Aim: Blork the orc, wielding a +4 short sword of draining, wearing a +0 robe and carrying a wand of polymorph (severely wounded, fast, 66% to hit)
You shoot a sling bullet. The sling bullet hits Blork the orc.
Blork the orc is severely wounded.
Blork the orc zaps a wand.
You turn into a filthy swine.
Your +1 sling melds into your body.
Your +0 robe melds into your body.
Your ring of willpower melds into your body.
Your ring of protection from fire melds into your body.
You hit Blork the orc.
Blork the orc is severely wounded.
You feel your willpower return. Blork the orc closely misses you.
You barely miss Blork the orc.
Blork the orc is severely wounded.
Blork the orc hits you with a +4 short sword of draining!
You feel drained.
Blork the orc gestures at you while chanting.
The puff of flame hits you!
You completely miss Blork the orc.
Blork the orc is severely wounded.
Blork the orc closely misses you.
You hit Blork the orc.
Blork the orc is almost dead.
Blork the orc points at you and mumbles some strange words.
The puff of flame misses you.
You hit Blork the orc but do no damage.
Blork the orc is almost dead.
Blork the orc gestures at you while chanting.
The magic dart hits you!
* * * LOW HITPOINT WARNING * * *
Blork the orc casts a spell at you. The puff of flame misses you.
You hit Blork the orc but do no damage.
Blork the orc is almost dead.
Your transformation is almost over.
Blork the orc gestures at you while chanting.
The puff of frost hits you.
You die...

#≈≈≈≈≈≈≈≈≈#
#≈≈≈≈≈≈≈≈≈#
#≈≈≈≈≈≈≈≈≈# ########
#≈≈≈≈≈≈≈≈≈#####≈≈≈≈≈≈≈
#≈≈≈≈≈≈≈≈≈≈≈≈≈≈≈≈≈≈≈≈≈
#~~~~≈~~~~≈≈~~~~~~~~~≈
#.~.~.~.~~~~~...~~~~~~
#.....................
#....ho...............
##...........#########
###########.## ##....
#..###.....
##.##<..... #.........
####..<... #......
#......


You could see Blork the orc (fast).

Vanquished Creatures
  Sigmund (D:2)
  2 bombardier beetles (D:4)
  A sleepcap (D:4)
  An orc wizard (D:3)
  3 adders
  A dart slug (D:4)
  3 orcs (D:3)
  7 endoplasms
  A giant cockroach (D:1)
  10 goblins
  7 hobgoblins
  3 jackals (D:3)
  10 kobolds
  5 quokkas
  7 ball pythons
  3 bats
  2 frilled lizards (D:1)
  5 rats
72 creatures vanquished.

Notes
Turn   | Place    | Note
-------+----------+-------------------------------------------
     0 | D:1      | monsoonserge the Spriggan Hexslinger began the quest for
                  | the Orb.
     0 | D:1      | Reached XP level 1. HP: 9/9 MP: 3/3
    14 | D:1      | You fall into a shaft and drop 1 floor!
    57 | D:1      | Reached skill level 1 in Fighting
   103 | D:1      | Reached XP level 2. HP: 14/14 MP: 5/5
   137 | D:1      | Learned a level 2 spell: Jinxbite
   437 | D:1      | Found a faded altar of an unknown god.
   454 | D:1      | Reached XP level 3. HP: 15/18 MP: 6/6
  1240 | D:2      | Noticed Sigmund
  1252 | D:2      | Killed Sigmund
  1253 | D:2      | Reached skill level 4 in Ranged Weapons
  1253 | D:2      | Reached skill level 1 in Stealth
  1253 | D:2      | Reached XP level 4. HP: 6/23 MP: 4/7
  1253 | D:2      | Reached XP level 5. HP: 7/26 MP: 4/8
  1276 | D:2      | Learned a level 3 spell: Inner Flame
  1858 | D:3      | Found a bloodstained altar of Trog.
  1964 | D:3      | Found a blossoming altar of Fedhas.
  2198 | D:4      | Reached skill level 5 in Ranged Weapons
  2214 | D:4      | Reached XP level 6. HP: 30/30 MP: 7/10
  2295 | D:4      | Reached skill level 1 in Fire Magic
  2386 | D:4      | Found a glowing golden altar of the Shining One.
  2429 | D:4      | Noticed Blork the orc
  2561 | D:4      | Found the Hermit's Pendant {Faith Invo=14 Evo=0 MP+5}
  2665 | D:4      | Killed from afar by Blork the orc

Illustrated notes

Levels and vault maps discovered:
D:1:      amcnicky_arrival_blooded_trapdoor, layout_loops_cross, serial_forest,
          infiniplex_forest_end_2, infiniplex_forest_clump_medium,
          infiniplex_forest_lined_room_2, infiniplex_forest_clump_double,
          infiniplex_forest_straight_3, shapermc_ecumenical_altar_ellora
D:2:      layout_basic, dk_noncrumbling_3, nrook_loot_triangle,
          serial_bayou_pond_d, hex_medium, guppyfry_early_lair_pool,
          uniq_sigmund
D:3:      layout_rooms, trog_three_pillars_becter,
          mainiacjoe_overflow_small_starburst
D:4:      minmay_goblin_kobold_castle, layout_rooms,
          mainiacjoe_overflow_cross_hatched, nemelex_xobeh_ov_fountains_minmay,
          uniq_blork_the_orc

Skill      XL: |  1  2  3  4  5  6 |
---------------+-------------------+-----
Fighting       | 1 2 |  2.1
Hexes          | 4 |  4.5
Ranged Weapons | 4 5 |  5.5
Stealth        | 1 |  1.2
Spellcasting   | 2 |  2.3
Fire Magic     | 1 |  1.0
Dodging        | 3 |  3.0

Action                     |  1- 3 |  4- 6 || total
---------------------------+-------+-------++-------
  Melee: Unarmed           |       |     6 ||     6
   Fire: Sling             |    93 |   104 ||   197
   Cast: Jinxbite          |     1 |     6 ||     7
 Armour: Robe              |    10 |     6 ||    16
         Skin              |       |     5 ||     5
  Dodge: Dodged            |    18 |    29 ||    47
